 Dungeon Crawl Stone Soup version 0.28-a0-10-g964c8b829e (webtiles) character file.

Game seed: 6029392599842541358

90341 Sobieck the Eclecticist (level 15, -5/70 HPs)
             Began as a Spriggan Earth Elementalist on July 24, 2021.
             Was the Champion of Wu Jian.
             Slain by a vault guard (21 damage)
             ... on level 14 of the Dungeon on July 25, 2021.
             The game lasted 02:03:59 (40306 turns).

Sobieck the Eclecticist (SpEE)                     Turns: 40306, Time: 02:04:00

Health: -5/70      AC:  3    Str: 11    XL:     15   Next: 51%
Magic:  23/35      EV: 30    Int: 23    God:    Wu Jian [******]
Gold:   2976       SH:  0    Dex: 24    Spells: 21/44 levels left

rFire   + . .      SeeInvis +   a - +1 dagger (vorpal) {short}
rCold   . . .      Faith    .   (shield restricted)
rNeg    + . .      Spirit   .   s - +0 robe {rF+}
rPois   +          Reflect  .   j - +0 hat "Fupury" {rElec rPois Str+4}
rElec   +          Harm     .   (no cloak)
rCorr   .          Rampage  .   (gloves unavailable)
Will    ++...                   (boots unavailable)
Stlth   ++++++....              c - amulet of the acrobat
HPRegen 0.21/turn               g - ring of Oxolaaq {Str+2 Dex+6}
MPRegen 0.24/turn               v - ring of the Octopus King {rN+ AC+1 EV+1 Str+1 Int+1 Dex+1}

@: studying Unarmed Combat, very quick
A: very small, no large weapons, unfitting armour, see invisible, speed 3
a: Renounce Religion, Wall Jump, Serpent's Lash, Heavenly Storm


You were on level 14 of the Dungeon.
You worshipped Wu Jian.
Wu Jian was exalted by your worship.
You visited 4 branches of the dungeon, and saw 23 of its levels.

You collected 2976 gold pieces.


Innate Abilities, Weirdness & Mutations

You are very small and have problems with some larger weapons.
You are too small for most types of armour.
You have supernaturally acute eyesight. (SInv)
You cover ground extremely quickly. (Speed+++)


   Skills:
 - Level 4.0 Fighting
 - Level 10.0 Short Blades
 - Level 12.0 Dodging
 - Level 15.0 Stealth
 + Level 15.3 Spellcasting
 - Level 3.0 Conjurations
 - Level 8.2 Transmutations
 - Level 3.0 Fire Magic
 * Level 10.7 Ice Magic
 - Level 8.9 Earth Magic
 - Level 6.0 Poison Magic


You had 21 spell levels left.
You knew the following spells:

 Your Spells              Type           Power      Damage    Failure   Level
a - Ozocubu's Refrigerat  Ice            30%        4d11      34%         7
b - Passwall              Tmut/Erth      45%        N/A       1%          2
c - Petrify               Tmut/Erth      54%        N/A       1%          4
d - Stone Arrow           Conj/Erth      90%        3d12      1%          3
f - Ignite Poison         Fire/Tmut/Pois 44%        N/A       1%          3
g - Olgreb's Toxic Radia  Pois           45%        N/A       2%          4

Your spell library contained the following spells:

 Spells                   Type           Power      Damage    Failure   Level
 Magic Dart               Conj           100%       1d8       1%          1
 Sandblast                Erth           100%       2d20      1%          1
 Sting                    Tmut/Pois      100%       1d8       1%          1
 Ensorcelled Hibernation  Hex/Ice        84%        N/A       1%          2
 Poisonous Vapours        Pois/Air       62%        N/A       1%          2
 Frozen Ramparts          Ice            100%       1d12      1%          3
 Ozocubu's Armour         Ice            61%        N/A       1%          3
 Spider Form              Tmut/Pois      25%        N/A       1%          3
 Ice Form                 Ice/Tmut       57%        N/A       1%          4
 Conjure Flame            Conj/Fire      31%        6-21      2%          3
 Mephitic Cloud           Conj/Pois/Air  31%        N/A       2%          3
 Animate Skeleton         Necr           34%        N/A       3%          1
 Pain                     Necr           68%        1d7       3%          1
 Summon Small Mammal      Summ           68%        N/A       3%          1
 Summon Ice Beast         Ice/Summ       42%        N/A       3%          4
 Blink                    Tloc           N/A        N/A       4%          2
 Call Imp                 Summ           17%        N/A       4%          2
 Corpse Rot               Necr/Air       N/A        N/A       4%          2
 Slow                     Hex            17%        N/A       4%          2
 Confusing Touch          Hex            17%        N/A       10%         3
 Lesser Beckoning         Tloc           8%         N/A       10%         3
 Vampiric Draining        Necr           8%         2d7       10%         3
 Sticky Flame             Conj/Fire      31%        2d5       10%         4
 Metabolic Englaciation   Hex/Ice        21%        N/A       10%         5
 Statue Form              Tmut/Erth      36%        N/A       16%         6
 Dispel Undead            Necr           17%        3d10      32%         4
 Manifold Assault         Tloc           17%        N/A       65%         5
 Death Channel            Necr           8%         N/A       99%         6
 Shadow Creatures         Summ           N/A        N/A       99%         6
 Monstrous Menagerie      Summ           8%         N/A       100%        7
 Summon Hydra             Summ           8%         N/A       100%        7
 Chain Lightning          Conj/Air       12%        3d16      100%        9
 Fire Storm               Conj/Fire      15%        8d4       100%        9

Inventory:

Hand Weapons
 a - a +1 vorpal dagger (weapon) {short}
   (You found it on level 1 of the Dungeon)
 Z - a +3 rapier of distortion {!wshort}
   (You found it on level 6 of the Lair of Beasts)
Missiles
 b - 2 silver boomerangs {throwing}
 e - 45 boomerangs {throwing}
 l - a curare-tipped dart {=fthrowing}
 n - a throwing net {=f!fthrowing}
 q - 6 atropa-tipped darts {throwing}
 B - 51 poisoned darts {throwing}
Armour
 j - the +0 hat "Fupury" (worn) {rElec rPois Str+4}
   (You acquired it on level 4 of the Dungeon)

   Str:       It affects your strength (+4).
   rElec:     It insulates you from electricity.
   rPois:     It protects you from poison.
 s - a +0 robe of fire resistance (worn)
   (You took it off Pikel on level 9 of the Dungeon)
 K - a +2 buckler
   (You took it off a gnoll sergeant on level 6 of the Dungeon)
Magical Staves
 Y - a staff of cold {!astaff}
   (You took it off Fannar on level 2 of the Lair of Beasts)
Jewellery
 c - an amulet of the acrobat (around neck)
   (You found it on level 13 of the Dungeon)
 g - the ring of Oxolaaq (left hand) {Str+2 Dex+6}
   (You found it on level 6 of the Dungeon)

   [ring of dexterity]

   Str:       It affects your strength (+2).
   Dex:       It affects your dexterity (+6).
 p - a ring of ice
   (You took it off a goblin on level 3 of the Dungeon)
 v - a ring of the Octopus King (right hand) {rN+ AC+1 EV+1 Str+1 Int+1 Dex+1}
   (You acquired it on level 9 of the Dungeon)

   [ring of positive energy]

   AC:        It affects your AC (+1).
   EV:        It affects your evasion (+1).
   Str:       It affects your strength (+1).
   Int:       It affects your intelligence (+1).
   Dex:       It affects your dexterity (+1).
   rN:        It protects you from negative energy.
 G - a ring of flight
   (You found it on level 8 of the Dungeon)
 V - a ring of willpower
   (You found it on level 5 of the Lair of Beasts)
Wands
 k - a wand of flame (18)
   (You found it on level 3 of the Lair of Beasts)
 E - a wand of polymorph (16)
   (You found it on level 8 of the Dungeon)
 H - a wand of paralysis (8)
   (You found it on level 8 of the Dungeon)
 S - a wand of digging (12)
   (You found it on level 11 of the Dungeon)
 W - a wand of iceblast (7)
   (You found it on level 13 of the Dungeon)
Scrolls
 f - a scroll of fear
 m - a scroll of noise {!r}
 x - a scroll of fog
 y - a scroll of silence {!r}
 A - 4 scrolls of immolation {!r!r}
 C - 6 scrolls of teleportation {@r4}
 D - 6 scrolls of enchant armour
 J - a scroll of summoning
 L - 2 scrolls of blinking {!r}
 M - 3 scrolls of magic mapping {!r}
 P - 4 scrolls of identify {@r1}
Potions
 d - 9 potions of curing {@q1}
 h - 9 potions of heal wounds {@q2}
 i - a potion of ambrosia
 r - a potion of flight
 t - 2 potions of attraction {!q}
 u - a potion of mutation {!q}
 w - 2 potions of haste {@q3}
 F - 2 potions of resistance
 O - 2 potions of lignification {!q}
 R - 2 potions of might
 U - 3 potions of brilliance
 X - a potion of magic
Miscellaneous
 o - a piece from Xom's chessboard (15/15)
   (You found it on level 1 of the Orcish Mines)
 I - a box of beasts
   (You found it on level 4 of the Lair of Beasts)
 N - a lightning rod (4/4)
   (You found it on level 12 of the Dungeon)
 Q - a phial of floods
   (You found it on level 12 of the Dungeon)
 T - a condenser vane
   (You found it on level 11 of the Dungeon)

Dungeon Overview and Level Annotations

Branches:
Dungeon (14/15)            Temple (1/1) D:4            Lair (6/6) D:11
  Swamp (0/4) Lair:4       Spider (0/4) Lair:2        Slime (0/5) Lair:5
    Orc (2/2) D:12            Elf (0/3) Orc:2        Vaults (0/5) D:14

Altars:
Cheibriados
Fedhas
Gozag
Okawaru
Qazlal
Ru
Sif Muna
Uskayaw
Wu Jian
Xom
Yredelemnul
The Shining One
Beogh
Jiyva
Lugonu

Shops:
Orc:1 **!   Orc:2 (([:

Portals:
Abyss: Lair:6
Trove: D:11 (give 8 scrolls of fog)

Annotations:
D:8 3 runed translucent doors, Zonian's ghost, novice DsIE
Lair:4 2 runed translucent doors, exclusion: 3 oklob plants, ColdPorridge's ghost, journeyman HOFi
Lair:6 2 transporters, Naonaimn's ghost, journeyman GnDe

........# #.......)..# #....
........####..........### #....
........##.'.....<....'.#####...C
..<.....##.#..........#........<.
........'..#..........#######....
......(.####..........# ##.##
###+##### #...p(.....# #(.# ,,,,*
#####'###### ##.. ,**** #@### ###
********** #...## # ,,,,,,,*,*
###..# # ,*,***,*,**** ##.#
###### ,*,*,,,*,+,,*#****#)#
#..... ,*,*,*,*,**,,.?.D##.####
#.....
,*,*,*,,,******#.......#***#.....
**,*,***,* ####.##.....+.....
,*,*,*,,,* #.#**#####.....


You could see a vault guard (petrifying).


Message History

You hit the vault guard. x2; The vault guard completely misses you.
There is an open door here.
The vault guard stops moving altogether!
You see here 19 stones {throwing}.
You lunge at the vault guard, in a flurry of attacks.
The helpless vault guard fails to defend itself.
You spit the vault guard like a pig!!!!!
You kill the vault guard!
The Council accepts your kill.
There is an open door here. 😮 HP[+1] MP[+1]
Things that are here:
a +0 battleaxe {axe}; a +0 plate armour; a human corpse You hit the troll.
Casting: Petrify (dangerous; 1% risk of failure)
Confirm with . or Enter, or press ? or * to list all spells.
Aiming: Petrify (dangerous; 1% risk of failure)
Press: ? - help, Shift-Dir - straight line, f - troll
Aim: a troll (heavily wounded, chance to affect: 74%)
The troll is moving more slowly.
The troll completely misses you. x2
The troll barely misses you. 😮 MP[-4]
You lost 4 mp, and now have 19/35 mp.
You catch the helpless troll completely off-guard!
You skewer the troll like a kebab!!!
You kill the troll!
The Council accepts your kill. 😮 HP[+1] MP[+1]
You start resting.
A vault guard is nearby! 😕 HP[+11] MP[+13]
You regained 11 hp, and now have 53/70 hp.
You regained 13 mp, and now have 33/35 mp.
A vault guard is nearby!
Casting: Petrify (dangerous; 1% risk of failure)
Confirm with . or Enter, or press ? or * to list all spells.
Aiming: Petrify (dangerous; 1% risk of failure)
Press: ? - help, Shift-Dir - straight line, f - vault guard
Aim: a vault guard, wielding a +0 long sword, wearing a +0 chain mail and wearing a +0 kite shield (wandering, hasn't noticed you, chance to affect: 40%)
The vault guard shouts!
The vault guard is moving more slowly. 😕 MP[-4]
You lost 4 mp, and now have 29/35 mp. 😕 HP[+1]
You lunge at the vault guard.
You strike the helpless vault guard from behind!
You perforate the vault guard like a sieve!!!
The vault guard misses you. 😕 MP[+1]
You lunge at the vault guard, in a flurry of attacks.
You hit the vault guard.
You catch the helpless vault guard completely off-guard!
You spit the vault guard like a pig!!!
The vault guard stops moving altogether!
The helpless vault guard fails to defend itself.
You skewer the vault guard like a kebab!!!!
You kill the vault guard!
The Council accepts your kill.
You start resting. 😕 HP[+4] MP[+5]
You regained 4 hp, and now have 58/70 hp.
Your mp is fully restored (35).
You start resting.
A vault guard is nearby! 😕 HP[+2]
You regained 2 hp, and now have 60/70 hp.
Things that are here:
a +0 battleaxe {axe}; a +0 plate armour; a human corpse 😕 HP[+1]
Casting: Petrify (dangerous; 1% risk of failure)
Confirm with . or Enter, or press ? or * to list all spells.
Aiming: Petrify (dangerous; 1% risk of failure)
Press: ? - help, Shift-Dir - straight line, f - vault guard
Aim: a vault guard, wielding a +0 bardiche and wearing a +0 plate armour (wandering, hasn't noticed you, chance to affect: 40%)
The vault guard shouts!
The vault guard resists with some effort.
The vault guard hits you from afar with a +0 bardiche! 😮 HP[-14] MP[-4]
You take 14 damage, and now have 47/70 hp.
You lost 4 mp, and now have 31/35 mp.
Casting: Petrify (dangerous; 1% risk of failure)
Confirm with . or Enter, or press ? or * to list all spells.
Aiming: Petrify (dangerous; 1% risk of failure)
Press: ? - help, Shift-Dir - straight line, f/p - vault guard
Aim: a vault guard, wielding a +0 bardiche and wearing a +0 plate armour (chance to affect: 40%)
The vault guard resists with some effort.
The vault guard hits you from afar with a +0 bardiche!!
* * * LOW HITPOINT WARNING * * *
😱 HP[-31] MP[-4]
You take 31 damage, and now have 16/70 hp.
MASSIVE DAMAGE!! (PAUSE)
You lost 4 mp, and now have 27/35 mp.
Casting: Petrify (dangerous; 1% risk of failure)
Confirm with . or Enter, or press ? or * to list all spells.
Aiming: Petrify (dangerous; 1% risk of failure)
Press: ? - help, Shift-Dir - straight line, f/p - vault guard
Aim: a vault guard, wielding a +0 bardiche and wearing a +0 plate armour (chance to affect: 40%)
The vault guard is moving more slowly.
The vault guard hits you from afar with a +0 bardiche!!
You die...

Skill      XL: |  1  2  3  4  5  6  7  8  9 10 11 12 13 14 15 |
---------------+----------------------------------------------+-----
Spellcasting   | 3 4 5 7 11 12 14 15 | 15.3
Transmutations | 2 3 4 5 6 7 8 |  8.2
Dodging        | 3 4 5 6 7 11 12 | 12.0
Earth Magic    | 3 4 5 7 8 |  8.9
Short Blades   | 1 2 3 4 5 6 10 | 10.0
Stealth        | 4 5 6 7 9 13 15 | 15.0
Conjurations   | 1 2 3 |  3.0
Fighting       | 2 3 4 |  4.0
Ice Magic      | 1 4 9 10 | 10.7
Poison Magic   | 2 6 |  6.0
Fire Magic     | 1 3 |  3.0

Action                   |  1- 3 |  4- 6 |  7- 9 | 10-12 | 13-15 || total
-------------------------+-------+-------+-------+-------+-------++-------
Melee: Dagger            |   145 |   107 |   156 |   485 |   379 ||  1272
       Short sword       |       |       |    31 |       |       ||    31
 Cast: Sandblast         |    23 |    52 |    16 |     2 |     8 ||   101
       Passwall          |    11 |     1 |    10 |    23 |     9 ||    54
       Petrify           |       |       |    51 |   136 |   141 ||   328
       Stone Arrow       |       |       |     2 |    11 |    34 ||    47
       Ignite Poison     |       |       |       |       |   125 ||   125
       Olgreb's Toxic Ra |       |       |       |       |   123 ||   123
       Ozocubu's Refrige |       |       |       |       |     4 ||     4
Invok: Lunge             |       |       |    35 |    53 |    74 ||   162
       Whirlwind         |       |       |     4 |    37 |    36 ||    77
       Serpent's Lash    |       |       |       |       |     1 ||     1
 Abil: Wall Jump         |       |       |       |     2 |     3 ||     5
Evoke: Wand              |       |       |       |       |     1 ||     1
  Use: Scroll            |       |     6 |       |    16 |    11 ||    33
       Potion            |       |       |     1 |     3 |       ||     4
 Stab: Sleeping          |    18 |     2 |    21 |    52 |    34 ||   127
       Petrified         |       |       |    37 |    54 |    40 ||   131
       Petrifying        |       |       |    11 |    78 |    66 ||   155
       Distracted        |       |       |     2 |     2 |     3 ||     7
       Invisible         |       |       |       |     1 |       ||     1
Armor: Robe              |    15 |     8 |     5 |    21 |     4 ||    53
Dodge: Dodged            |   122 |   111 |   138 |   331 |   275 ||   977

Levels and vault maps discovered:
D:1:      saegor_arrival_miasma, layout_loops_ring, serial_forest,
          infiniplex_forest_clump_cross, infiniplex_forest_zigzag_1,
          infiniplex_forest_end_1, infiniplex_forest_end_1,
          infiniplex_forest_clump_medium, infiniplex_forest_lined_2,
          infiniplex_forest_lined_room_2
D:2:      layout_basic, shapermc_ecumenical_altar_venn,
          chequers_serial_rivers_small_b, uniq_terence
D:3:      layout_basic
D:4:      layout_cave_pools, minmay_temple_entry_fiery
D:5:      layout_loops_ring, lightli_ossuary_entry_decrepit_ruins
D:6:      layout_loops_cross, gammafunk_ghost_gnarly_gnolls,
          kennysheep_opposing_triangles, uniq_edmund, uniq_duvessa
D:7:      layout_gridville
D:8:      minmay_diamond_stairs, layout_loops_ring,
          yredelemnul_forgotten_temple_becter,
          ploomutoo_gammafunk_ghost_potion_laboratory
D:9:      layout_basic, hex_tiny, uniq_pikel
D:10:     layout_loops_corners, minmay_overflow_temple_star_hex,
          gammafunk_temple_overflow_statue, st_stairs_6
D:11:     layout_roguey, grunt_lair_entry_orc_guard_hut,
          nicolae_trove_entry_columns
D:12:     layout_roguey, minmay_orc_entry_temple_small, eino_house_with_fridge
D:13:     minmay_chambers_of_sevens, layout_irregular_city
D:14:     layout_roguey, erik_vaults_2, gauntlet_entry_generic,
          nicolae_wu_jian_immortal_techniques, uniq_roxanne
Temple:   zaba_magenta_temple
Lair:1:   layout_cave_shapes, chequers_serial_rivers_marsh,
          chequers_serial_rivers_micro_c, grunt_megastairs_3, uniq_nergalle
Lair:2:   layout_layer_cave, dummy_spider_entry, uniq_fannar, uniq_gastronok
Lair:3:   layout_cave_pods, basic_altar, ebering_ghost_disaster_area,
          grunt_megastairs_1
Lair:4:   layout_cave_shapes, nicolae_swamp_entry_splash_gauntlet,
          ebering_ghost_funeral_grove, pf_torpor_hydra,
          infiniplex_staircase_pool_2, minmay_lair_oklob_chamber
Lair:5:   layout_long_grid, slime_altar_1, kennysheep_basilisk_garden
Lair:6:   hellmonk_lair_end_abyssal_woods, layout_gridlike,
          gammafunk_ghost_arena, wad_woods_06, minivault_27,
          chequers_serial_rivers_small_a, minivault_23
Orc:1:    nicolae_orc_accident_1, layout_diamond_mine, serial_shops, shop,
          hellmonk_bongcloud_opening, nicolae_specific_store, uniq_snorg
Orc:2:    st_orc_ogre_mass, layout_caves

Notes
Turn   | Place    | Note
-------+----------+-------------------------------------------
     0 | D:1      | Sobieck the Spriggan Earth Elementalist began the quest for
                  | the Orb.
     0 | D:1      | Reached XP level 1. HP: 9/9 MP: 5/5
     0 | D:1      | magus.rc [v1.9.6]
   180 | D:1      | Reached XP level 2. HP: 13/13 MP: 4/6
   239 | D:1      | Reached skill level 3 in Spellcasting
   239 | D:1      | Reached skill level 2 in Transmutations
   413 | D:1      | Learned a level 2 spell: Passwall
   466 | D:1      | Reached skill level 3 in Dodging
   981 | D:1      | Reached skill level 3 in Earth Magic
  1284 | D:1      | Reached XP level 3. HP: 16/16 MP: 3/8
  1988 | D:2      | Reached skill level 1 in Short Blades
  2318 | D:2      | Found a faded altar of an unknown god.
  2462 | D:2      | Noticed Terence
  2650 | D:3      | You add the spells Ozocubu's Armour and Ozocubu's
                  | Refrigeration to your library.
  3078 | D:2      | Reached XP level 4. HP: 13/21 MP: 7/9
  3412 | D:4      | Identified a scroll of acquirement
  3412 | D:4      | Acquired the +0 hat "Fupury" {rElec rPois Str+4}
  3422 | D:4      | Noticed a scorpion
  3452 | D:4      | Killed a scorpion
  3453 | D:4      | Reached skill level 4 in Stealth
  3493 | D:5      | Entered Level 5 of the Dungeon
  3576 | D:3      | Learned a level 4 spell: Petrify
  3660 | D:3      | Reached skill level 3 in Transmutations
  3660 | D:3      | Reached XP level 5. HP: 14/24 MP: 5/11
  3883 | D:3      | Reached skill level 4 in Dodging
  4042 | D:4      | Noticed a black bear
  4068 | D:3      | Killed a black bear
  4069 | D:3      | Reached skill level 2 in Short Blades
  4069 | D:3      | Reached skill level 4 in Spellcasting
  4069 | D:3      | Reached XP level 6. HP: 13/28 MP: 6/13
  4639 | D:4      | HP: 4/28 [gnoll (8)]
  5107 | D:4      | Learned a level 3 spell: Stone Arrow
  5369 | D:4      | You pick up a book of Minor Magic and begin reading...
  5369 | D:4      | You add the spells Magic Dart, Call Imp and Mephitic Cloud
                  | to your library.
  5555 | D:4      | Found a staircase to the Ecumenical Temple.
  5555 | D:4      | Noticed a wyvern
  5560 | D:4      | Killed a wyvern
  5561 | D:4      | Reached skill level 5 in Stealth
  5561 | D:4      | Reached skill level 4 in Transmutations
  5566 | Temple   | Entered the Ecumenical Temple
  5570 | Temple   | Became a worshipper of the Wu Jian Council
  5634 | D:5      | Noticed a sky beast
  5681 | D:5      | Reached XP level 7. HP: 32/32 MP: 14/14
  5809 | D:5      | You add the spells Conjure Flame, Ignite Poison and Sticky
                  | Flame to your library.
  6016 | D:5      | Reached skill level 3 in Short Blades
  6016 | D:5      | Reached skill level 5 in Dodging
  6016 | D:5      | Reached skill level 1 in Conjurations
  6016 | D:5      | Reached skill level 4 in Earth Magic
  6498 | D:5      | You pick up a book of Dreams and begin reading...
  6498 | D:5      | You add the spells Ensorcelled Hibernation, Spider Form and
                  | Shadow Creatures to your library.
  6519 | D:5      | Reached skill level 6 in Stealth
  6569 | D:5      | You pick up a book of Spatial Translocations and begin
                  | reading...
  6569 | D:5      | You add the spells Blink, Lesser Beckoning and Manifold
                  | Assault to your library.
  6972 | D:6      | Reached skill level 5 in Spellcasting
  6972 | D:6      | Reached skill level 5 in Transmutations
  6972 | D:6      | Reached XP level 8. HP: 36/36 MP: 16/16
  7097 | D:5      | Reached skill level 6 in Transmutations
  7097 | D:5      | Reached skill level 5 in Earth Magic
  7334 | D:5      | Reached skill level 4 in Short Blades
  7334 | D:5      | Reached skill level 6 in Dodging
  7334 | D:5      | Reached skill level 2 in Conjurations
  7452 | D:5      | Reached skill level 7 in Stealth
  7636 | D:6      | Reached XP level 9. HP: 39/39 MP: 15/18
  7845 | D:5      | Reached * piety under Wu Jian
  7910 | D:6      | Noticed Edmund
  7961 | D:5      | Reached skill level 6 in Spellcasting
  8110 | D:6      | You pick up a book of Decay and begin reading...
  8110 | D:6      | You add the spells Corpse Rot, Dispel Undead and Death
                  | Channel to your library.
  8309 | D:5      | Killed Edmund
  8405 | D:6      | HP: 7/37 [wight (18)]
  8417 | D:5      | Reached skill level 6 in Earth Magic
  8843 | D:6      | Found a transporter.
  8845 | D:6      | Found a transporter.
  8855 | D:6      | Identified the +2 ring mail of the Big Bang {rPois rC- rN+}
  8943 | D:6      | Noticed indyram44's ghost (novice GnDe)
  8943 | D:6      | Noticed Dowan
  8960 | D:6      | Noticed Duvessa
  8961 | D:6      | Killed Dowan
  9010 | D:6      | Killed Duvessa
  9092 | D:6      | Reached skill level 5 in Short Blades
  9092 | D:6      | Reached skill level 7 in Dodging
  9092 | D:6      | Reached skill level 8 in Stealth
  9288 | D:6      | Reached skill level 3 in Conjurations
 10092 | D:7      | Reached skill level 7 in Spellcasting
 10092 | D:7      | Reached skill level 7 in Earth Magic
 10148 | D:7      | Reached skill level 9 in Stealth
 10252 | D:7      | Reached ** piety under Wu Jian
 10253 | D:7      | HP: 8/39 [kobold (2)]
 10753 | D:6      | Reached XP level 10. HP: 35/44 MP: 9/21
 11416 | D:8      | Reached skill level 6 in Short Blades
 12027 | D:8      | Found a runed translucent gate.
 12028 | D:8      | Found a runed translucent gate.
 12029 | D:8      | Found a runed translucent gate.
 12030 | D:8      | Noticed a red ugly thing
 12031 | D:8      | Noticed a red ugly thing
 12033 | D:8      | Noticed a red ugly thing
 12132 | D:8      | Reached skill level 8 in Earth Magic
 12230 | D:8      | Noticed a centaur warrior
 12238 | D:8      | HP: 10/44 [centaur warrior (3)]
 12241 | D:8      | Killed a centaur warrior
 12242 | D:8      | Reached skill level 9 in Spellcasting
 12627 | D:8      | Noticed a tengu warrior
 12645 | D:8      | Killed a tengu warrior
 12646 | D:8      | Reached skill level 10 in Spellcasting
 13035 | D:8      | Found a basalt altar of Yredelemnul.
 13168 | D:8      | Reached skill level 11 in Spellcasting
 13168 | D:8      | Reached skill level 1 in Fighting
 13457 | D:8      | Noticed a skeletal warrior
 13461 | D:8      | Killed a skeletal warrior
 13462 | D:8      | Reached skill level 2 in Fighting
 13729 | D:9      | Reached XP level 11. HP: 43/50 MP: 20/27
 13942 | D:9      | Acquired 954 gold pieces
 13944 | D:9      | Acquired a ring of the Octopus King {rN+ AC+1 EV+1 Str+1
                  | Int+1 Dex+1}
 13945 | D:9      | Found the ring of the Octopus King {rN+ AC+1 EV+1 Str+1
                  | Int+1 Dex+1}
 13969 | D:9      | Noticed Pikel
 14038 | D:9      | Killed Pikel
 14336 | D:9      | Reached *** piety under Wu Jian
 14524 | D:9      | Identified the +3 bardiche of Honour {vorpal, Str+4 Dex+8}
 14620 | D:9      | Reached skill level 8 in Dodging
 14620 | D:9      | Reached skill level 10 in Stealth
 15025 | D:10     | Entered Level 10 of the Dungeon
 15067 | D:10     | Noticed a centaur warrior
 15076 | D:10     | Killed a centaur warrior
 15596 | D:10     | Found a shimmering blue altar of Sif Muna.
 15596 | D:10     | Found an iron altar of Okawaru.
 16139 | D:10     | Found a snail-covered altar of Cheibriados.
 16162 | D:10     | Reached skill level 9 in Dodging
 16243 | D:10     | Found a glowing golden altar of the Shining One.
 16247 | D:10     | Found a hide-covered altar of Uskayaw.
 16247 | D:10     | Found a shimmering altar of Xom.
 16261 | D:10     | Found a blossoming altar of Fedhas.
 16399 | D:11     | Reached skill level 11 in Stealth
 16399 | D:11     | Reached skill level 12 in Spellcasting
 16647 | D:11     | You are sucked into a shaft and drop 3 floors!
 16740 | D:13     | Noticed a boulder beetle
 16746 | D:13     | Killed a boulder beetle
 16747 | D:13     | Reached skill level 12 in Stealth
 16757 | D:13     | You pick up a book of Sloth and begin reading...
 16757 | D:13     | You add the spells Metabolic Englaciation and Statue Form
                  | to your library.
 16807 | D:12     | Noticed a boulder beetle
 16822 | D:12     | Killed a boulder beetle
 16823 | D:12     | Reached skill level 10 in Dodging
 16928 | D:12     | Noticed a deep elf pyromancer
 16937 | D:12     | Killed a deep elf pyromancer
 17102 | D:13     | Noticed a white ugly thing
 17160 | D:12     | Found a staircase to the Orcish Mines.
 17473 | D:12     | Reached skill level 13 in Stealth
 17612 | D:11     | magus.rc [v1.9.6]
 17831 | D:11     | Upgraded the game from 0.28-a0-8-g6e044cfa68 to
                  | 0.28-a0-10-g964c8b829e
 17831 | D:11     | magus.rc [v1.9.6]
 17861 | D:11     | Reached skill level 11 in Dodging
 17877 | D:11     | Reached **** piety under Wu Jian
 17907 | D:11     | Reached XP level 12. HP: 54/54 MP: 1/29
 18470 | D:11     | Found a portal to a secret trove of treasure.
 18478 | D:11     | This trove needs 8 scrolls of fog to function. Give it the
                  | items?
 18498 | D:11     | Found a staircase to the Lair.
 18570 | D:12     | You are sucked into a shaft and drop 1 floor!
 18881 | D:12     | Noticed a two-headed ogre
 18892 | D:12     | Killed a two-headed ogre
 18893 | D:12     | Reached skill level 14 in Stealth
 19062 | D:12     | Reached skill level 12 in Dodging
 19122 | D:12     | You pick up a book of Debilitation and begin reading...
 19122 | D:12     | You add the spells Slow, Vampiric Draining and Confusing
                  | Touch to your library.
 19230 | D:12     | You pick up a book of Rime and begin reading...
 19230 | D:12     | You add the spells Frozen Ramparts, Ice Form and Summon Ice
                  | Beast to your library.
 19589 | D:12     | Reached skill level 15 in Stealth
 19741 | D:13     | Noticed a centaur warrior
 19750 | D:13     | Killed a centaur warrior
 19891 | D:13     | Reached skill level 7 in Short Blades
 20062 | D:14     | Noticed a vault guard
 20062 | D:14     | Noticed a vault guard
 20063 | D:14     | Found a gate to the Vaults.
 20063 | D:14     | Noticed a vault guard
 20063 | D:14     | Noticed a vault guard
 20063 | D:14     | Noticed a vault guard
 20063 | D:14     | Noticed a vault guard
 20400 | Lair:1   | Entered Level 1 of the Lair of Beasts
 20400 | Lair:1   | Noticed Nergalle
 20403 | Lair:1   | Killed Nergalle
 20404 | Lair:1   | Reached skill level 8 in Short Blades
 20896 | Lair:1   | Reached skill level 9 in Short Blades
 21339 | Lair:1   | Noticed a seven-headed hydra
 21345 | Lair:1   | Killed a seven-headed hydra
 21346 | Lair:1   | Reached skill level 10 in Short Blades
 21354 | Lair:1   | Learned a level 7 spell: Ozocubu's Refrigeration
 21511 | Lair:1   | You are sucked into a shaft and drop 1 floor!
 21546 | Lair:1   | Reached skill level 1 in Ice Magic
 21715 | Lair:1   | Reached ***** piety under Wu Jian
 21863 | Lair:2   | You add the spells Sting, Poisonous Vapours and Olgreb's
                  | Toxic Radiance to your library.
 21894 | Lair:1   | Learned a level 3 spell: Ignite Poison
 21899 | Lair:1   | Learned a level 4 spell: Olgreb's Toxic Radiance
 22187 | Lair:2   | Reached skill level 1 in Poison Magic
 22325 | Lair:2   | Reached skill level 1 in Fire Magic
 22383 | Lair:2   | Noticed Fannar
 22410 | Lair:2   | Killed Fannar
 22411 | Lair:2   | Reached skill level 2 in Poison Magic
 22444 | Lair:2   | Noticed Gastronok
 22444 | Lair:2   | Gastronok is wearing the +3 hat of Pondering {ponderous,
                  | Will+ MP+10 Int+5}.
 22466 | Lair:2   | Reached XP level 13. HP: 51/58 MP: 26/30
 22500 | Lair:2   | Reached skill level 2 in Fire Magic
 22584 | Lair:2   | Aim: Gastronok, wearing the +3 hat of Pondering {ponderous,
                  | Will+ MP+10 Int+5} (100% to hit)
 22584 | Lair:2   | Aim: Gastronok, wearing the +3 hat of Pondering {ponderous,
                  | Will+ MP+10 Int+5} (100% to hit)
 22585 | Lair:2   | Aim: Gastronok, wearing the +3 hat of Pondering {ponderous,
                  | Will+ MP+10 Int+5} (lightly wounded, 100% to hit)
 22585 | Lair:2   | Aim: Gastronok, wearing the +3 hat of Pondering {ponderous,
                  | Will+ MP+10 Int+5} (lightly wounded, 100% to hit)
 22586 | Lair:2   | Aim: Gastronok, wearing the +3 hat of Pondering {ponderous,
                  | Will+ MP+10 Int+5} (moderately wounded, 100% to hit)
 22586 | Lair:2   | Aim: Gastronok, wearing the +3 hat of Pondering {ponderous,
                  | Will+ MP+10 Int+5} (moderately wounded, 100% to hit)
 22587 | Lair:2   | Aim: Gastronok, wearing the +3 hat of Pondering {ponderous,
                  | Will+ MP+10 Int+5} (moderately wounded, 100% to hit)
 22587 | Lair:2   | Aim: Gastronok, wearing the +3 hat of Pondering {ponderous,
                  | Will+ MP+10 Int+5} (moderately wounded, 100% to hit)
 22588 | Lair:2   | Aim: Gastronok, wearing the +3 hat of Pondering {ponderous,
                  | Will+ MP+10 Int+5} (heavily wounded, 100% to hit)
 22588 | Lair:2   | Aim: Gastronok, wearing the +3 hat of Pondering {ponderous,
                  | Will+ MP+10 Int+5} (heavily wounded, 100% to hit)
 22886 | Lair:2   | Found a hole to the Spider Nest.
 23175 | Lair:2   | Here: Gastronok, wearing the +3 hat of Pondering
                  | {ponderous, Will+ MP+10 Int+5}
 23175 | Lair:2   | Here: Gastronok, wearing the +3 hat of Pondering
                  | {ponderous, Will+ MP+10 Int+5}
 23183 | Lair:2   | Killed Gastronok
 23184 | Lair:2   | Reached skill level 3 in Poison Magic
 23922 | Lair:4   | Reached skill level 3 in Fire Magic
 24007 | Lair:4   | Reached skill level 4 in Poison Magic
 24072 | Lair:4   | You pick up a book of Annihilations and begin reading...
 24072 | Lair:4   | You add the spells Chain Lightning and Fire Storm to your
                  | library.
 24218 | Lair:3   | Reached skill level 5 in Poison Magic
 24381 | Lair:3   | Reached skill level 6 in Poison Magic
 24484 | Lair:4   | Found a runed translucent door.
 24612 | Lair:4   | Reached skill level 2 in Ice Magic
 25160 | Lair:3   | Found a basalt altar of Yredelemnul.
 25329 | Lair:3   | Found a large runed translucent door.
 25330 | Lair:3   | Found a large runed translucent door.
 25333 | Lair:3   | Noticed Veysay's ghost (journeyman DjWz)
 26089 | Orc:1    | Entered Level 1 of the Orcish Mines
 26319 | D:12     | Reached skill level 7 in Transmutations
 26319 | D:12     | Reached skill level 3 in Ice Magic
 26440 | Orc:1    | Reached skill level 3 in Fighting
 27202 | Orc:1    | Found Sumass's Distillery.
 27203 | Orc:1    | Found Tegg's Specific Store.
 27215 | Orc:1    | Found Xaiptus's General Store.
 27240 | Orc:1    | Noticed Snorg
 27308 | Orc:1    | Killed Snorg
 28065 | Orc:2    | Entered Level 2 of the Orcish Mines
 28073 | Orc:2    | Reached ****** piety under Wu Jian
 28077 | Orc:2    | Reached skill level 4 in Ice Magic
 28386 | Orc:2    | Reached XP level 14. HP: 45/65 MP: 12/31
 28387 | Orc:2    | Reached skill level 8 in Transmutations
 28390 | Orc:2    | Reached skill level 4 in Fighting
 28546 | Orc:2    | Reached skill level 5 in Ice Magic
 28814 | Orc:2    | Reached skill level 13 in Spellcasting
 29047 | Orc:2    | Reached skill level 6 in Ice Magic
 29481 | Orc:2    | Found Qaown's Armour Emporium.
 29481 | Orc:2    | Found Eneetup's Weapon Boutique.
 29482 | Orc:2    | Found Yteragah's Book Shop.
 29482 | Orc:2    | Found Oworir's Weapon Emporium.
 29636 | Orc:2    | Found a staircase to the Elven Halls.
 30538 | Lair:4   | Noticed ColdPorridge's ghost (journeyman HOFi)
 30544 | Lair:4   | Identified the +8 spear of Ru's Felicitations {venom, rPois
                  | rF+++ rC++ Will-}
 30655 | Lair:4   | Found a runed translucent door.
 30741 | Lair:4   | You pick up a book of Necromancy and begin reading...
 30741 | Lair:4   | You add the spells Pain and Animate Skeleton to your
                  | library.
 30818 | Lair:4   | Found a staircase to the Swamp.
 30825 | Lair:4   | Reached skill level 7 in Ice Magic
 31884 | Lair:5   | magus.rc [v1.9.6]
 31891 | Lair:5   | Found a staircase to the Slime Pits.
 31891 | Lair:5   | Found a viscous altar of Jiyva.
 32209 | Lair:5   | Reached skill level 14 in Spellcasting
 32209 | Lair:5   | Reached skill level 8 in Ice Magic
 32422 | Lair:6   | Entered Level 6 of the Lair of Beasts
 32481 | Lair:6   | Found a transporter.
 32780 | Lair:6   | Noticed Naonaimn's ghost (journeyman GnDe)
 32784 | Lair:6   | Found a transporter.
 33840 | Lair:6   | Reached skill level 9 in Ice Magic
 33960 | Lair:6   | Reached XP level 15. HP: 70/70 MP: 24/34
 34103 | Lair:6   | magus.rc [v1.9.6]
 36030 | Lair:6   | Found a corrupted altar of Lugonu.
 36030 | Lair:6   | Found a one-way gate to the infinite horrors of the Abyss.
 36589 | D:2      | Killed Terence
 36933 | D:6      | Killed indyram44's ghost
 36948 | D:6      | Identified the ring of Oxolaaq {Str+2 Dex+6}
 37421 | D:8      | Found a runed translucent gate.
 37421 | D:8      | Found a runed translucent gate.
 37426 | D:8      | Found a runed translucent gate.
 37426 | D:8      | Noticed Zonian's ghost (novice DsIE)
 37644 | Lair:3   | Killed Veysay's ghost
 38323 | D:13     | Reached skill level 10 in Ice Magic
 38366 | D:13     | Reached skill level 15 in Spellcasting
 38871 | D:13     | You add the spells Summon Small Mammal, Monstrous Menagerie
                  | and Summon Hydra to your library.
 38871 | D:13     | Got the Volume of the Escort
 40305 | D:14     | HP: 16/70 [vault guard (31)]
 40306 | D:14     | Slain by a vault guard

Vanquished Creatures
  Gastronok (Lair:2)
  The ghost of Veysay the Thaumaturge, a journeyman DjWz of Dithmenos (Lair:3)
  Snorg (Orc:1)
  2 vault guards (D:14)
  Fannar (Lair:2)
  9 hydras
  3 boulder beetles
  4 ogre magi (Orc:2)
  17 two-headed ogres
  5 centaur warriors
  3 tengu warriors
  2 thrashing horrors (Lair:6)
  5 death yaks
  Nergalle (Lair:1)
  A skeletal warrior (D:8)
  Pikel (D:9)
  3 bog bodies (Lair:4)
  A necromancer (D:12)
  A deep elf pyromancer (D:12)
  8 ugly things
  4 orc knights
  5 cyclopes
  2 orc sorcerers
  A manticore (D:13)
  6 black mambas
  The ghost of indyram44 the Covert, a novice GnDe of Kikubaaqudgha (D:6)
  A gargoyle (D:11)
  14 cane toads
  3 smoke demons (Lair:6)
  2 kobold demonologists
  A yaktaur (D:13)
  9 komodo dragons
  2 rime drakes
  2 ancient zymes (Lair:6)
  7 trolls
  A polar bear (Lair:1)
  3 slime creatures
  3 large abominations (Lair:6)
  20 blink frogs
  A snapping turtle (shapeshifter) (Lair:6)
  A shadow (D:9)
  2 spriggans (Lair:6)
  A ynoxinul (Lair:6)
  39 yaks
  A yak (shapeshifter) (D:13)
  3 wyverns
  13 basilisks
  A chaos spawn (Lair:6)
  4 steam dragons
  8 vampire mosquitoes
  Edmund (D:5)
  3 wargs
  2 swamp worms (Lair:4)
  Duvessa (D:6)
  12 water moccasins
  24 orc warriors
  2 sky beasts
  5 black bears
  2 necrophages (D:5)
  25 ogres
  3 centaurs
  16 wolves
  4 kobold brigands
  3 gnoll sergeants
  11 bullfrogs
  2 scorpions
  8 small abominations (Lair:6)
  Dowan (D:6)
  10 killer bees
  5 wights
  An electric eel (Lair:4)
  9 howler monkeys
  2 centaur zombies
  2 jellies
  3 hounds
  19 orc priests
  2 bullfrog skeletons (D:6)
  3 centaur skeletons
  2 gnoll shamans
  Terence (D:2)
  2 iguanas (D:5)
  22 orc wizards
  3 polar bear simulacra (D:12)
  3 yak simulacra (D:12)
  2 wolf simulacra (D:12)
  A hound skeleton (D:4)
  2 howler monkey zombies
  14 gnolls
  3 adders
  4 white imps
  A dart slug (D:2)
  62 orcs
  6 ball pythons
  6 endoplasms
  2 giant cockroaches
  5 goblins
  9 hobgoblins
  7 jackals
  12 kobolds
  5 quokkas
  5 bats
  4 frilled lizards
  4 rats
  3 river rat simulacra (D:12)
  A spectral orc (D:8)
603 creatures vanquished.

Vanquished Creatures (others)
  An orc (D:12)
  35 fungi
  54 plants
90 creatures vanquished.

Grand Total: 693 creatures vanquished

Table legend:
 A = Non-vault XP
 B = Vault XP
 C = Vault XP percentage of total XP
 D = Non-vault monster count
 E = Vault monster count
 F = Vault count percentage of total count
                 A         B        C        D         E       F
            +---------+---------+-------+---------+---------+-------
      Total |   69295 |   59764 |  46.3 |     430 |     173 |  28.7
            +---------+---------+-------+---------+---------+-------
        D:1 |      50 |       0 |   0.0 |      27 |       0 |   0.0
        D:2 |      40 |      38 |  48.7 |      17 |       1 |   5.6
        D:3 |     238 |       0 |   0.0 |      16 |       0 |   0.0
        D:4 |     402 |       0 |   0.0 |      16 |       0 |   0.0
        D:5 |    2191 |     207 |   8.6 |      26 |       3 |  10.3
        D:6 |    1262 |     982 |  43.8 |      19 |      14 |  42.4
        D:7 |    1213 |       0 |   0.0 |      27 |       0 |   0.0
        D:8 |    2320 |    4021 |  63.4 |      22 |       9 |  29.0
        D:9 |    2024 |     917 |  31.2 |      17 |       2 |  10.5
       D:10 |    1073 |     929 |  46.4 |      11 |       1 |   8.3
       D:11 |    2501 |    1158 |  31.6 |      14 |       5 |  26.3
       D:12 |    7566 |    1331 |  15.0 |      20 |      22 |  52.4
       D:13 |    4928 |    8493 |  63.3 |      16 |      14 |  46.7
       D:14 |    2104 |    2026 |  49.1 |       4 |       2 |  33.3
     Lair:1 |    4111 |    1125 |  21.5 |      18 |       2 |  10.0
     Lair:2 |    2989 |    3282 |  52.3 |      13 |       2 |  13.3
     Lair:3 |    4910 |    2173 |  30.7 |      16 |       5 |  23.8
     Lair:4 |    5987 |    2364 |  28.3 |      14 |       6 |  30.0
     Lair:5 |    6408 |     784 |  10.9 |      16 |       4 |  20.0
     Lair:6 |    9319 |   10712 |  53.5 |      23 |      39 |  62.9
      Orc:1 |    4033 |    4003 |  49.8 |      51 |       7 |  12.1
      Orc:2 |    3626 |   15219 |  80.8 |      27 |      35 |  56.5
            +---------+---------+-------+---------+---------+-------

Illustrated notes

Table legend:
 A = Kills in this place as a percentage of kills in entire the game.
 B = Kills by you in this place as a percentage of kills by you in the entire game.
 C = Kills by friends in this place as a percentage of kills by friends in the entire game.
 D = Other kills in this place as a percentage of other kills in the entire game.
 E = Experience gained in this place as a percentage of experience gained in the entire game.
 F = Experience gained in this place divided by the number of levels of this place that you have seen.
                   A       B       C       D       E      F
               +-------+-------+-------+-------+-------+----------------------
         Total | 100.0 | 100.0 |   N/A |   N/A | 100.0 | 5611.3
       Dungeon |  53.9 |  53.9 |   N/A |   N/A |  37.2 | 3429.6
          Lair |  26.2 |  26.2 |   N/A |   N/A |  42.0 | 9027.3
  Orcish Mines |  19.9 |  19.9 |   N/A |   N/A |  20.8 | 13440.5
               +-------+-------+-------+-------+-------+----------------------

Table legend: (Time is in decaauts)
 A = Elapsed time spent in this place.
 B = Non-inter-level travel time spent in this place.
 C = Inter-level travel time spent in this place.
 D = Time resting spent in this place.
 E = Time spent auto-exploring this place.
 F = Levels seen in this place.
 G = Mean time per level.
                   A        B        C        D        E       F      G
               +--------+--------+--------+--------+--------+-----+--------+
         Total |  31983 |  30145 |   1838 |  13754 |  10389 |  23 | 1390.6 |
       Dungeon |  20185 |  18917 |   1268 |   9189 |   5663 |  14 | 1441.8 |
        Temple |      6 |      6 |      0 |      0 |      0 |   1 |    6.0 |
          Lair |   9165 |   8668 |    497 |   3527 |   3740 |   6 | 1527.5 |
  Orcish Mines |   2627 |   2555 |     72 |   1038 |    985 |   2 | 1313.5 |
               +--------+--------+--------+--------+--------+-----+--------+

Top non-repeatable levels by time:
  Lair:6: 3031 daAuts
    D:12: 2588 daAuts
     D:5: 2352 daAuts
     D:8: 1973 daAuts
    D:13: 1775 daAuts
   Orc:1: 1538 daAuts
     D:3: 1525 daAuts
     D:6: 1471 daAuts
  Lair:2: 1446 daAuts
  Lair:3: 1413 daAuts
     D:1: 1392 daAuts
    D:11: 1381 daAuts
     D:9: 1271 daAuts
     D:7: 1262 daAuts
  Lair:1: 1228 daAuts
